 Dungeon Crawl Stone Soup version 0.30-a0-122-g2a1322497e (webtiles) character file.

Game seed: 14095651416178932570

217 MirrMurr the Shooter (level 5, -2/25 HPs)
             Began as a Spriggan Hunter on Sept 17, 2022.
             Constricted to death by Natasha (4 damage)
             ... on level 3 of the Dungeon.
             The game lasted 00:07:18 (3143 turns).

MirrMurr the Shooter (Spriggan Hunter)              Turns: 3143, Time: 00:07:19

Health: -2/25      AC:  6    Str:  7    XL:     5   Next: 62%
Magic:  6/6        EV: 17    Int: 10    God:
Gold:   174        SH:  0    Dex: 21    Spells: 4/4 levels left

rFire   . . .      SeeInvis +    a - +0 shortbow
rCold   . . .      Faith    .    (shield currently unavailable)
rNeg    . . .      Spirit   .    c - +0 robe
rPois   .          Reflect  .    (helmet restricted)
rElec   .          Harm     .    (no cloak)
rCorr   .          Rampage  .    (gloves unavailable)
Will    .....                    (boots unavailable)
Stlth   +++.......               (no amulet)
HPRegen 0.08/turn                g - +4 ring of protection
MPRegen 0.10/turn                x - ring of flight

@: grasped by roots, flying, constricted, very quick
A: very small, no large weapons, unfitting armour, see invisible, speed 3
a: no special abilities


You were on level 3 of the Dungeon.
You visited 1 branch of the dungeon, and saw 3 of its levels.

You collected 174 gold pieces.

Inventory:

Hand Weapons
 a - a +0 shortbow (weapon)
 b - a +2 dagger of venom
Missiles
 d - 28 stones
 l - 6 poisoned darts
 y - 6 silver boomerangs
 z - a throwing net
Armour
 c - a +0 robe (worn)
Jewellery
 g - a +4 ring of protection (left hand)
 x - a ring of flight (right hand)
Scrolls
 f - 2 scrolls of butterflies {unknown}
 h - a scroll of poison {unknown}
 i - a scroll of summoning {unknown}
 m - 2 scrolls of amnesia {unknown}
 n - a scroll of enchant armour {unknown}
 o - 2 scrolls of vulnerability {unknown}
 p - a scroll of immolation
 q - 2 scrolls of teleportation {unknown}
 r - a scroll of identify {unknown}
 s - a scroll of silence {unknown}
 u - a scroll of blinking {unknown}
Potions
 e - a potion of curing {unknown}
 j - a potion of haste {unknown}
 k - a potion of flight {unknown}
 t - a potion of resistance {unknown}
 v - a potion of lignification {unknown}
 w - a potion of might {unknown}


   Skills:
 - Level 1.5 Fighting
 * Level 5.7 Ranged Weapons
 + Level 4.5 Dodging
 + Level 4.4 Stealth


You had 4 spell levels left.
You didn't know any spells.
Your spell library contained the following spells:

 Spells                   Type           Power      Damage    Failure   Level
 Passwall                 Tmut/Erth      0%         N/A       50%         2
 Ignite Poison            Fire/Tmut/Pois 0%         N/A       75%         3
 Fireball                 Conj/Fire      0%         3d3       100%        5
 Spellforged Servitor     Conj/Summ      0%         N/A       100%        7


Dungeon Overview and Level Annotations

Branches:
Dungeon (3/15)

Altars:
Cheibriados
Elyvilon
Kikubaaqudgha
Qazlal
Trog
Xom
Yredelemnul
Zin

Annotations:
D:3 Natasha, Terence


Innate Abilities, Weirdness & Mutations

You are very small and have problems with some larger weapons.
You are too small for most types of armour.
You have supernaturally acute eyesight. (SInv)
You cover ground extremely quickly. (Speed+++)


Message History

* * * LOW HITPOINT WARNING * * *
You are too injured to fight recklessly!
Unknown command.
You are too injured to fight recklessly!
Fire: a) +0 shortbow
Press: ? - help, Q - select action, (/) - cycle Shift-Dir - straight line, f/p - Natasha
Aim: Natasha, carrying a wand of roots (5) (almost dead, 58% to hit)
You shoot an arrow. The arrow completely misses Natasha.
The grasping roots constrict you.
* * * LOW HITPOINT WARNING * * *
The grasping roots release their grip on you.
Fire: a) +0 shortbow
Press: ? - help, Q - select action, (/) - cycle Shift-Dir - straight line, f/p - Natasha
Aim: Natasha, carrying a wand of roots (5) (almost dead, 58% to hit)
You shoot an arrow. The arrow hits Natasha.
Natasha is almost dead.
Natasha zaps a wand.
The roots erupt in riotous growth!
The grasping roots grab you!
Natasha is unaffected.
The grasping roots constrict you.
* * * LOW HITPOINT WARNING * * *
Unknown command.
Unknown command.
Fire: a) +0 shortbow
Press: ? - help, Q - select action, (/) - cycle Shift-Dir - straight line, f/p - Natasha
Aim: Natasha, carrying a wand of roots (4) (almost dead, 58% to hit)
You shoot an arrow. The arrow barely misses Natasha.
Natasha closely misses you. The grasping roots constrict you.
* * * LOW HITPOINT WARNING * * *
The grasping roots release their grip on you.
Unknown command.
Fire: a) +0 shortbow
Press: ? - help, Q - select action, (/) - cycle Shift-Dir - straight line, f/p - Natasha
Aim: Natasha, carrying a wand of roots (4) (almost dead, 58% to hit)
You shoot an arrow.
The arrow hits Natasha but does no damage.
Natasha is almost dead.
Natasha zaps a wand.
The roots erupt in riotous growth!
The grasping roots grab you!
Natasha is unaffected.
The grasping roots constrict you.
You die...

############.# #5# #......5
#..>.....# #.# #.# #....)..
#........# #.# #.# #.......
#........# #.# #.# #.......
#........# #.# #.# #.......
#........###.####.# #....รท..
#........##.......### ####....
#......<.##.........######....###
#........##.....@.....)........(.
#######.###....h..#...#...#....)#
........# #.......'..>'..##......
........# ##....###...#####.....#
........# #.#### ###.# #.....#
........####.########.#####.....#
........#.....#..........##......
#######.......+..........#####+#.
###.....#..........# .


You could see Natasha.

Vanquished Creatures
  Jessica (D:2)
  Natasha (D:3)
  8 gnolls
  3 adders
  An ufetubus (D:3)
  2 worms (D:2)
  4 endoplasms
  2 giant cockroaches
  6 goblins
  3 hobgoblins
  3 quokkas
  6 ball pythons
  5 bats
  2 frilled lizards
  3 kobolds
  6 rats
56 creatures vanquished.

Notes
Turn   | Place    | Note
-------+----------+-------------------------------------------
     0 | D:1      | MirrMurr the Spriggan Hunter began the quest for the Orb.
     0 | D:1      | Reached XP level 1. HP: 10/10 MP: 2/2
   272 | D:1      | Reached XP level 2. HP: 14/14 MP: 3/3
   513 | D:1      | Got the Omnibus of Transformed Blows and Bruises
   931 | D:2      | Reached XP level 3. HP: 18/18 MP: 4/4
  1128 | D:2      | Reached XP level 4. HP: 19/22 MP: 5/5
  1466 | D:2      | Found a faded altar of an unknown god.
  1514 | D:2      | Reached skill level 5 in Ranged Weapons
  1518 | D:2      | Noticed Jessica
  1525 | D:2      | Killed Jessica
  1859 | D:3      | Noticed Terence
  2032 | D:3      | Reached XP level 5. HP: 13/25 MP: 6/6
  2256 | D:3      | Found a shimmering altar of Xom.
  2257 | D:3      | Found a white marble altar of Elyvilon.
  2262 | D:3      | Found a snail-covered altar of Cheibriados.
  2268 | D:3      | Found a basalt altar of Yredelemnul.
  2268 | D:3      | Found a stormy altar of Qazlal.
  2268 | D:3      | Found an ancient bone altar of Kikubaaqudgha.
  2269 | D:3      | Found a bloodstained altar of Trog.
  2273 | D:3      | Found a glowing silver altar of Zin.
  2434 | D:3      | Noticed Natasha
  3030 | D:3      | Killed Natasha
  3052 | D:3      | Noticed Natasha
  3143 | D:3      | Constricted to death by Natasha

Illustrated notes

Levels and vault maps discovered:
D:1:      nzn_arrival_settlement, layout_basic, glass_columns_c
D:2:      layout_basic, shapermc_ecumenical_altar_notcrosses, uniq_jessica
D:3:      layout_basic, minitemple, evilmike_ruin_ashenzari, uniq_natasha,
          uniq_terence

Skill      XL: |  1  2  3  4  5 |
---------------+----------------+-----
Stealth        | 2 3 4 |  4.4
Dodging        | 3 4 |  4.5
Ranged Weapons | 5 |  5.7
Fighting       | |  1.5

Action                   |  1- 3 |  4- 6 || total
-------------------------+-------+-------++-------
 Fire: Shortbow          |    83 |    97 ||   180
Armor: Robe              |     3 |     5 ||     8
Dodge: Dodged            |    14 |    19 ||    33

Table legend: (Time is in decaauts)
 A = Elapsed time spent in this place.
 B = Non-inter-level travel time spent in this place.
 C = Inter-level travel time spent in this place.
 D = Time resting spent in this place.
 E = Time spent auto-exploring this place.
 F = Levels seen in this place.
 G = Mean time per level.
                   A        B        C        D        E       F      G
               +--------+--------+--------+--------+--------+-----+--------+
         Total |   2297 |   2210 |     87 |    270 |   1447 |   3 |  765.7 |
       Dungeon |   2297 |   2210 |     87 |    270 |   1447 |   3 |  765.7 |
               +--------+--------+--------+--------+--------+-----+--------+

Top non-repeatable levels by time:
     D:2: 906 daAuts
     D:3: 832 daAuts
     D:1: 559 daAuts
